 Dungeon Crawl Stone Soup version 0.14-a0-1585-g835621a (webtiles) character file.

792 Jenx the Cudgeler (level 5, -1/40 HPs)
             Began as a Djinni Chaos Knight on Dec 22, 2013.
             Was a Plaything of Xom.
             Slain by an orc (2 damage)
             ... on Level 3 of the Dungeon.
             The game lasted 00:06:32 (1669 turns).

Jenx the Cudgeler (Djinni Chaos Knight)             Turns: 1669, Time: 00:06:33

HP  -1/40        AC  5     Str 13      XL: 5   Next:  3%
MP   0/0         EV  9     Int 13      God: Xom
Gold 650         SH  6     Dex 12      Spells:  0 memorised,  4 levels left

rFire  + + +     SeeInvis .     a - +0,+4 mace
rCold  x . .     Clarity  .     b - +2 leather armour
rNeg   + + +     Conserve .     j - +0 buckler
rPois  .         rCorr    .     (no helmet)
rElec  .         rRot     .     (no cloak)
SustAb . .       Spirit   .     (no gloves)
rMut   .         Warding  .     (boots unavailable)
Saprov . . .     Stasis   .     (no amulet)
                                (no ring)
                                (no ring)

@: flying, slightly resistant to hostile enchantments, unstealthy
A: fire immunity, cold vulnerability, life protection 3
a: Renounce Religion


You were on level 3 of the Dungeon.
You worshipped Xom.
You were Xom's teddy bear.
You were not hungry.

You visited 1 branch of the dungeon, and saw 3 of its levels.

You collected 650 gold pieces.

Inventory:

Hand weapons
 a - a +0,+4 mace (weapon)
 i - a +0,+0 mace of chaos
Missiles
 k - 7 tomahawks (quivered)
Armour
 b - a +2 leather armour (worn)
 j - a +0 buckler (worn)
Scrolls
 d - 6 scrolls of identify {unknown}
 g - a scroll of remove curse {unknown}
 l - a scroll of teleportation {unknown}
 n - a scroll of fog {unknown}
 o - a scroll of fear {unknown}
Jewellery
 e - an uncursed ring of see invisible {unknown}
 m - an uncursed amulet of clarity {unknown}
Potions
 c - a potion of curing {unknown}
 f - a potion of brilliance
 h - a potion of confusion


   Skills:
 - Level 2.6 Fighting
 * Level 5.8 Maces & Flails
 - Level 2.1 Armour
 - Level 0.8 Dodging


You had 4 spell levels left.
You didn't know any spells.

Dungeon Overview and Level Annotations

Branches:
Dungeon (3/16)

Altars:


Innate Abilities, Weirdness & Mutations

You are immune to all types of fire, even holy and hellish.
You are vulnerable to cold.
You need no food.
You have no legs.
You are immune to negative energy.


Message History

The orc wizard flickers and vanishes!
Deactivating autopickup; reactivate with Ctrl-A.
The orc priest hits you but does no damage.
The orc closely misses you.
You hit the orc priest but do no damage.
The orc priest is heavily wounded.
It hits you but does no damage.
The orc hits you with an orcish falchion.
* * * LOW HITPOINT WARNING * * *
You block the orc priest's attack. The orc barely misses you. It hits you.
* * * LOW HITPOINT WARNING * * *
You hit the orc priest.
The orc priest is almost dead.
The orc hits you with an orcish falchion.
* * * LOW HITPOINT WARNING * * *
Xom is highly amused!
The orc priest hits you but does no damage.
The orc hits you.
You die... "I guess I need a new plaything now."

############
###..........#######
###..............%....
..........###.##.####
#.#.###.....).....## ∆
#.....(............#
#.oo......##.##(#..#
#.o@##....##.##.#..#
......>...........##.#..#
##?##.#.##....#####.#..#
# #.#.##.#.## #.#..#
#.......... ..#..# .
.<.....## ###..# # ..!...
...# #..##. .... ...
...##


You could see an orc priest and 2 orcs.

Vanquished Creatures
  2 orc priests (D:3)
  2 adders
  A giant mite (D:2)
  A giant gecko (D:1)
  4 orcs (D:3)
  8 bats
  5 giant cockroaches
  3 hobgoblins (D:1)
  6 kobolds
  A quokka (D:2)
  7 giant newts
  4 goblins
  3 jackals (D:2)
  6 rats
53 creatures vanquished.

Notes
Turn   | Place    | Note
--------------------------------------------------------------
     0 | D:1      | Jenx, the Djinni Chaos Knight, began the quest for the Orb.
     0 | D:1      | Reached XP level 1. HP: 16/16 MP: 0/0
   138 | D:1      | Reached XP level 2. EP: 17/22
   439 | D:1      | Reached skill level 4 in Maces & Flails
   631 | D:2      | XOM: divination: detect items
   697 | D:2      | Reached XP level 3. EP: 28/28
   714 | D:2      | XOM: 1-stop teleportation journey
   739 | D:2      | XOM: cast spell 'Statue Form'
  1100 | D:2      | XOM: god gift: 610 gold pieces
  1380 | D:3      | XOM: 1-stop teleportation journey
  1421 | D:3      | XOM: enchant monster (good)
  1423 | D:3      | Reached skill level 5 in Maces & Flails
  1423 | D:3      | Reached XP level 4. EP: 26/34
  1589 | D:3      | Reached XP level 5. EP: 40/40
  1643 | D:3      | XOM: divination: detect items
  1669 | D:3      | HP: 1/40 [orc/orcish falchion (6)]
  1669 | D:3      | Slain by an orc

Action                   |  1- 3 |  4- 6 || total
-------------------------+-------+-------++-------
Melee: Mace              |   133 |    29 ||   162
  Use: Potion            |     5 |       ||     5
 Stab: Distracted        |     1 |       ||     1
